 Dungeon Crawl Stone Soup version 0.14-a0-519-g334afa2 (webtiles) character file.

233 MackTheKnife the Vexing (level 4, -4/25 HPs)
             Began as a Deep Elf Arcane Marksman on Nov 3, 2013.
             Killed by divine providence
             ... invoked by an orc priest
              (15 damage)
             ... on Level 3 of the Dungeon.
             The game lasted 00:06:52 (2235 turns).

MackTheKnife the Vexing (Deep Elf Arcane Marksman)  Turns: 2235, Time: 00:06:53

HP  -4/25        AC  5     Str  8      XL: 4   Next: 35%
MP   4/12        EV 11     Int 18      God:
Gold 141         SH  0     Dex 15      Spells:  3 memorised,  2 levels left

Res.Fire  : . . .   See Invis. : .   b - +0 elf bow
Res.Cold  : . . .   Warding    : .   g - +2 leather armour {rN+}
Life Prot.: + . .   Conserve   : .   (no shield)
Res.Poison: .       Res.Corr.  : .   (no helmet)
Res.Elec. : .       Clarity    : .   (no cloak)
Sust.Abil.: + .     Spirit.Shd : .   (no gloves)
Res.Mut.  : .       Stasis     : .   (no boots)
Res.Rott. : .       Flight     : .   (no amulet)
Saprovore : . . .                    (no ring)
                                     n - ring of sustain abilities

@: very slightly contaminated, slightly resistant to hostile enchantments,
unstealthy
A: no striking features
a: no special abilities


You were on level 3 of the Dungeon.
You were not hungry.

You visited 1 branch of the dungeon, and saw 3 of its levels.

You collected 141 gold pieces.


   Skills:
 - Level 0.7 Fighting
 + Level 3.3 Bows
 - Level 2.4 Dodging
 + Level 4.4 Spellcasting
 + Level 5.2 Hexes


You had 2 spell levels left.
You knew the following spells:

 Your Spells              Type           Power        Failure   Level  Hunger
u - Enslavement           Hex            ###.....     21%         4    ####...
x - Slow                  Hex            ###.....     2%          2    #......
y - Inner Flame           Hex/Fire       ##......     17%         3    ###....

Inventory:

Hand weapons
 a - a +2,+0 dagger of freezing
 b - a +0,+0 elven bow (weapon)
Missiles
 c - 39 arrows (quivered)
Armour
 g - a +2 leather armour of positive energy (worn)
 s - a cursed -1 buckler
Comestibles
 f - a bread ration
 h - a meat ration
 q - an apple
 t - a chunk of goblin flesh {@*1}
Scrolls
 e - 5 scrolls of identify
 l - 2 scrolls of fog
 o - a scroll of enchant armour {unknown}
 p - a scroll of amnesia
 r - a scroll of curse jewellery {unknown}
Jewellery
 n - a ring of sustain abilities (left hand)
Potions
 j - 2 potions of curing
 u - a potion of heal wounds
Books
 d - a book of Debilitation

   Spells                             Type                      Level
   Corona                             Hexes                        1
   *Slow                              Hexes                        2
   *Inner Flame                       Hexes/Fire                   3
   *Enslavement                       Hexes                        4
   Cause Fear                         Hexes                        4
   Leda's Liquefaction                Hexes/Earth                  4
 k - a book of Geomancy

   Spells                             Type                      Level
   Sandblast                          Earth                        1
   Stoneskin                          Transmutation/Earth          2
   Passwall                           Transmutation/Earth          3
   Stone Arrow                        Conjuration/Earth            3
   Petrify                            Transmutation/Earth          4
   Lee's Rapid Deconstruction         Earth                        5

▒·▒▒▒·(···▒ ▒▒···▒·
▒·▒▒▒··)··▒▒▒▒ ▒···▒▒·
▒············▒▒▒▒▒▒···▒▒·
·
▒······················[·
▒·▒
▒····▒▒▒·▒···▒▒▒▒▒▒▒···▒·
▒·▒
▒····················(···
▒·▒▒
▒·▒▒▒▒▒▒····▒···▒▒▒▒···▒·
··· ··▒ ▒▒▒%·······▒
▒▒▒▒▒· ▒·▒ ▒▒▒▒▒
▒··e▒▒···▒▒▒ ▒·
▒▒▒▒·▒▒▒▒··· ▒>##▒
···▒▒▒▒▒▒▒▒▒▒·
···············#(#
·············
···············#g#·
·············
·▒▒▒·▒▒▒▒▒▒▒·(·▒·▒▒▒
▒▒▒▒▒···▒▒ ▒····▒ ▒▒▒▒▒g▒
▒····· ▒····▒▒▒▒▒▒▒▒▒ ▒#o
▒▒▒··· ▒············· o·(
······· ▒▒▒▒·▒▒▒▒▒▒▒··
▒g· ▒▒▒▒···


You could see an orc priest, 3 gnolls and an orc.


Message History

Aiming: Inner Flame
Aim: a rat The rat is filled with an inner flame.
A hobgoblin and an orc priest come into view.
Okay, then.
Unknown command.
Aiming: Slow
Aim: a rat (inner flame)
The rat seems to slow down.
The hobgoblin moves out of view.
Firing (i - inventory):
c - 41 arrows (quivered)
Aim: a rat (moving slowly, inner flame)
You shoot an arrow. The arrow misses the rat.
The arrow misses the gnoll.
The arrow misses the gnoll.
The arrow hits the gnoll.
The gnoll is heavily wounded.
The orc priest mumbles some strange prayers to Beogh against you.
Something smites you!
Ouch! That really hurt!
* * * LOW HITPOINT WARNING * * *
Firing (i - inventory):
c - 40 arrows (quivered)
Aim: a rat (moving slowly, inner flame)
You shoot an arrow. The arrow hits the rat.
The rat explodes!
The fiery explosion engulfs the gnoll.
You kill the gnoll!
The orc wizard gestures wildly while chanting.
The orc wizard blinks!
The orc priest invokes the aid of Beogh against you.
Something smites you!
Ouch! That really hurt!
You die...

Action                   |  1- 3 |  4- 6 || total
-------------------------+-------+-------++-------
Melee: Unarmed           |     2 |       ||     2
       Dagger            |     9 |    14 ||    23
 Fire: Bow               |   138 |    14 ||   152
 Cast: Slow              |     5 |     2 ||     7
       Inner Flame       |       |     1 ||     1
  Use: Scroll            |     3 |     1 ||     4

Vault maps used:
D:1:      dpeg_entry_rooms_c
D:2:      general_overflow_altar, minmay_item_behind_shaft

Notes
Turn   | Place    | Note
--------------------------------------------------------------
     0 | D:1      | MackTheKnife, the Deep Elf Arcane Marksman, began the quest for the Orb.
     0 | D:1      | Reached XP level 1. HP: 12/12 MP: 2/2
   312 | D:1      | Reached XP level 2. HP: 16/16 MP: 5/5
   327 | D:1      | Learned a level 2 spell: Slow
   920 | D:2      | Reached XP level 3. HP: 12/20 MP: 6/8
  1174 | D:2      | Found a white marble altar of Elyvilon.
  1287 | D:2      | Reached skill level 4 in Spellcasting
  1422 | D:2      | Learned a level 3 spell: Inner Flame
  1634 | D:3      | Reached skill level 5 in Hexes
  1863 | D:3      | Reached skill level 3 in Bows
  1935 | D:3      | Noticed MackTheKnife's ghost (average MfTm)
  2054 | D:3      | Reached XP level 4. HP: 25/25 MP: 12/12
  2060 | D:3      | Learned a level 4 spell: Enslavement
  2235 | D:3      | Killed from afar by an orc priest

Vanquished Creatures
  4 adders
  A gnoll (D:3)
  A giant gecko (D:2)
  2 oozes
  2 orcs (D:3)
  3 bats
  10 goblins
  4 hobgoblins
  A giant cockroach (D:2)
  4 giant newts
  4 kobolds
  A quokka (D:2)
  4 rats
41 creatures vanquished.
